 Dungeon Crawl Stone Soup version 0.27.1-15-g792fb953b9 (webtiles) character file.

Game seed: 11485626690799591905

3214 jjjjhere the Grappler (level 9, -16/80 HPs)
             Began as a Troll Abyssal Knight on Nov 21, 2021.
             Was an Elder of Lugonu.
             Demolished by a two-headed ogre (28 damage)
             ... on level 6 of the Dungeon.
             The game lasted 00:10:40 (5078 turns).

jjjjhere the Grappler (Troll Abyssal Knight)        Turns: 5078, Time: 00:10:40

Health: -16/80     AC:  5    Str: 22    XL:     9   Next: 65%
Magic:  9/13       EV:  9    Int:  8    God:    Lugonu [****..]
Gold:   397        SH: 13    Dex: 12    Spells: 8/8 levels left

rFire    . . .     SeeInvis .     - Unarmed
rCold    + . .     Faith    .   r - +3 kite shield
rNeg     . . .     Spirit   .   m - +0 robe {rC+}
rPois    .         Reflect  .   (helmet restricted)
rElec    .         Harm     .   b - +0 cloak
rCorr    .         Rampage  .   (gloves unavailable)
Will     +....                  (boots unavailable)
Stlth    +.........             u - amulet of the acrobat
HPRegen  1.23/turn              l - ring of willpower
MPRegen  0.13/turn              (no ring)

@: no status effects
A: large, unfitting armour, claws 3, regeneration 1, shaggy fur 1, tough skin 1
a: Renounce Religion, Depart the Abyss, Bend Space, Banish, Corrupt


You were on level 6 of the Dungeon.
You worshipped Lugonu.
Lugonu was greatly pleased with you.
You visited 1 branch of the dungeon, and saw 6 of its levels.
You visited the Abyss 1 time.

You collected 397 gold pieces.

Inventory:

Missiles
 j - 31 poisoned darts
Armour
 b - a +0 cloak (worn)
 m - a +0 robe of cold resistance (worn)
 r - a +3 kite shield (worn)
Jewellery
 h - a ring of ice
 l - a ring of willpower (left claw)
 u - an amulet of the acrobat (around neck)
Wands
 i - a wand of paralysis (7)
Scrolls
 e - a scroll of summoning {unknown}
 f - 2 scrolls of teleportation
 k - a scroll of acquirement {unknown}
 t - 2 scrolls of vulnerability
Potions
 a - 2 potions of haste
 c - a potion of resistance
 d - a potion of ambrosia {unknown}
 g - 2 potions of heal wounds
 n - a potion of curing {unknown}
 p - a potion of mutation {unknown}
 q - 2 potions of attraction {unknown}
 s - 3 potions of brilliance {unknown}
 v - 2 potions of cancellation


   Skills:
 - Level 2.4 Fighting
 - Level 1.9 Dodging
 * Level 6.6 Shields
 + Level 8.3 Unarmed Combat
 + Level 7.0 Invocations


You had 8 spell levels left.
You didn't know any spells.
Your spell library contained the following spells:

 Spells                   Type           Power      Damage    Failure   Level
 Animate Skeleton         Necr           0%         N/A       58%         1
 Pain                     Necr           0%         1d4       58%         1
 Dazzling Flash           Conj/Hex       0%         N/A       91%         3
 Vampiric Draining        Necr           0%         2d6       91%         3
 Agony                    Necr           0%         N/A       100%        5
 Excruciating Wounds      Necr           0%         N/A       100%        5
 Silence                  Hex/Air        0%         N/A       100%        5


Dungeon Overview and Level Annotations

Branches:
Dungeon (6/15)
 Temple: D:4-7

Altars:
Dithmenos
Fedhas
Makhleb
Ru
Wu Jian
The Shining One

Annotations:
D:5 1 runed translucent door, Crazy Yiuf
D:6 3 runed translucent doors, Duder's ghost, novice MiBe
Abyss:1 Eustachio


Innate Abilities, Weirdness & Mutations

You are too large for most types of armour.
You have claws for hands.
Your natural rate of healing is unusually fast.
You are covered in fur. (AC +1)
You have tough skin. (AC +1)


Message History

You feel sick. The scorpion closely misses you.
You claw the scorpion!
You kill the scorpion!
Lugonu accepts your kill.
You feel sick.
Found 21 poisoned darts.
You feel sick.
Things that are here:
a +0 club; 6 poisoned darts; a scorpion corpse You start resting.
You feel sick. x5
You are no longer poisoned.
HP restored.
Found 10 poisoned darts.
Things that are here:
a +0 club; 6 poisoned darts; a scorpion corpse A two-headed ogre is nearby!
Unknown command.
The two-headed ogre shouts in stereo!
Things that are here:
a +0 club; 6 poisoned darts; a scorpion corpse You see here 21 poisoned darts.
j - 21 poisoned darts You see here 10 poisoned darts.
j - 31 poisoned darts (gained 10)
You claw the two-headed ogre!
The two-headed ogre is lightly wounded.
The two-headed ogre barely misses you. x2
You barely miss the two-headed ogre.
The two-headed ogre is lightly wounded.
The two-headed ogre hits you with a +0 giant club!
The two-headed ogre hits you with a +0 giant spiked club!!
You scratch the two-headed ogre.
The two-headed ogre is lightly wounded.
Press: ? - help, Shift-Dir - straight line, f - two-headed ogre
Aim: a two-headed ogre, wielding a +0 giant club and a +0 giant spiked club (lightly wounded, chance to affect: 71%)
The two-headed ogre struggles to resist.
You can no longer gate yourself to the Abyss.
The two-headed ogre hits you with a +0 giant club!!
* * * LOW HITPOINT WARNING * * *
The two-headed ogre hits you with a +0 giant spiked club!!
You die...

.##...#..##.#[...#...#.).### #...
).#...####....#)##.[###.##.###...
#.##...##.#..[.#####..#..#.......
...#...#......##..#...##.#......#
.#.###..#....##.).##...#.#......#
##..#.....#.##..#..#...###......#
...)###....##...##.##...##......#
.##..#..#.##..#.O#..#..###......#
##...##..##...##@##.###..#.[.....
...#..'.##..#..#..#.O'...#.##....
#######################.##.......
#.............#.... .
#........<[..##....
...##.####.............
#....#.#..............
#...5.................
#..s...#...............


You could see a two-headed ogre.

Vanquished Creatures
  Pikel (D:5)
  Prince Ribbit (D:5)
  Edmund (D:4)
  Duvessa (D:6)
  A sky beast (D:6)
  A black bear (D:5)
  A necrophage (D:4)
  5 ogres
  A phantom (D:6)
  2 lemures (D:5)
  A kobold brigand (D:6)
  4 scorpions
  Dowan (D:6)
  A water moccasin skeleton (D:6)
  A howler monkey (D:6)
  4 wights
  A jelly (D:4)
  A bullfrog zombie (D:5)
  4 hounds
  A centaur skeleton (D:6)
  4 iguanas
  2 orc priests (D:5)
  A gnoll shaman (D:6)
  4 orc wizards
  A hound zombie (D:5)
  A hound skeleton (D:4)
  10 gnolls
  7 adders
  A white imp (D:6)
  An ufetubus (D:6)
  An adder skeleton (D:5)
  2 worms (D:2)
  5 dart slugs
  15 orcs
  7 ball pythons
  2 endoplasms
  3 giant cockroaches
  15 hobgoblins
  9 jackals
  11 kobolds
  5 quokkas
  6 bats
  5 frilled lizards
  2 goblins
  5 rats
159 creatures vanquished.

Vanquished Creatures (others)
  2 fungi (D:3)
  A plant (D:3)
3 creatures vanquished.

Grand Total: 162 creatures vanquished

Notes
Turn   | Place    | Note
-------+----------+-------------------------------------------
     0 | Abyss:1  | jjjjhere the Troll Abyssal Knight began the quest for the
                  | Orb.
     0 | Abyss:1  | Reached XP level 1. HP: 22/22 MP: 1/1
    30 | Abyss:1  | Found an opulent altar of Gozag.
    42 | D:1      | Escaped the Abyss
   134 | D:1      | Reached XP level 2. HP: 26/29 MP: 2/2
   307 | D:1      | Reached skill level 3 in Unarmed Combat
   326 | D:1      | Reached ** piety under Lugonu
   448 | D:1      | Reached XP level 3. HP: 36/36 MP: 3/3
   918 | D:2      | Reached XP level 4. HP: 44/44 MP: 4/4
  1087 | D:2      | Reached skill level 4 in Unarmed Combat
  1357 | D:2      | Reached *** piety under Lugonu
  1515 | D:3      | Reached XP level 5. HP: 37/50 MP: 6/6
  1662 | D:3      | HP: 16/50 [wight (10)]
  1831 | D:3      | Reached skill level 5 in Unarmed Combat
  1831 | D:3      | Reached XP level 6. HP: 48/58 MP: 7/7
  1860 | D:3      | Found a faded altar of an unknown god.
  1986 | D:3      | You fall into a shaft and drop 1 floor!
  2181 | D:3      | Found a shadowy altar of Dithmenos.
  2186 | D:3      | Found an ornate altar of the Wu Jian Council.
  2586 | D:4      | Noticed Eustachio
  2587 | D:4      | Banished Eustachio
  2588 | D:4      | Reached skill level 1 in Shields
  2588 | D:4      | Reached XP level 7. HP: 66/66 MP: 4/9
  2737 | D:4      | Reached skill level 6 in Unarmed Combat
  2778 | D:4      | Found a glowing golden altar of the Shining One.
  2878 | D:4      | Found a burning altar of Makhleb.
  2887 | D:4      | Reached skill level 5 in Invocations
  2912 | D:4      | You fall into a shaft and drop 1 floor!
  2912 | D:5      | Entered Level 5 of the Dungeon
  3029 | D:4      | Noticed Edmund
  3049 | D:4      | Killed Edmund
  3284 | D:4      | Reached XP level 8. HP: 74/74 MP: 9/11
  3660 | D:5      | Reached **** piety under Lugonu
  3727 | D:5      | Found a blossoming altar of Fedhas.
  3819 | D:5      | Found a runed translucent door.
  3820 | D:5      | Noticed Crazy Yiuf
  3949 | D:5      | Found a sacrificial altar of Ru.
  3956 | D:5      | Reached skill level 7 in Unarmed Combat
  4187 | D:6      | Noticed Prince Ribbit
  4197 | D:6      | Noticed Pikel
  4235 | D:5      | Killed Prince Ribbit
  4236 | D:5      | Reached skill level 5 in Shields
  4324 | D:6      | Noticed Duvessa
  4373 | D:5      | Paralysed by Pikel for 2 turns
  4409 | D:5      | Killed Pikel
  4410 | D:5      | Reached XP level 9. HP: 66/80 MP: 12/12
  4434 | D:6      | Noticed Dowan
  4445 | D:6      | Killed Dowan
  4465 | D:6      | Killed Duvessa
  4506 | D:6      | Reached skill level 8 in Unarmed Combat
  4631 | D:6      | Noticed a two-headed ogre
  4659 | D:6      | HP: 16/80 [two-headed ogre (23)]
  4759 | D:6      | Found a runed translucent gate.
  4759 | D:6      | Found a runed translucent gate.
  4759 | D:6      | Found a runed translucent gate.
  4759 | D:6      | Noticed Duder's ghost (novice MiBe)
  5038 | D:6      | Reached ***** piety under Lugonu
  5078 | D:6      | HP: 12/80 [two-headed ogre (29)]
  5078 | D:6      | Demolished by a two-headed ogre

Illustrated notes

Levels and vault maps discovered:
D:1:      tarquinn_simple_flora_water_b, layout_loops_ring
D:2:      layout_loops_ring, kennysheep_small_spiral,
          minmay_large_rounded_square
D:3:      layout_basic, minitemple,
          dreamdust_ecumenical_altar_hidden_monk_grotto
D:4:      layout_gridville, makhleb_blood_cavern_becter, kennysheep_mini,
          uniq_eustachio, uniq_edmund
D:5:      layout_basic, nicolae_ru_sacrificial_ziggurat, general_overflow_altar,
          uniq_crazy_yiuf_cottage
D:6:      minmay_razor_zed, layout_cave_pools, mainiacjoe_overflow_alcove_1,
          ebering_ghost_rock_garden, uniq_prince_ribbit1, uniq_duvessa,
          uniq_pikel

Skill      XL: |  1  2  3  4  5  6  7  8  9 |
---------------+----------------------------+-----
Invocations    | 2 3 4 5 6 7 |  7.0
Unarmed Combat | 3 4 5 6 7 8 |  8.3
Shields        | 1 2 5 6 |  6.6
Fighting       | |  2.4
Dodging        | |  1.9

Action                   |  1- 3 |  4- 6 |  7- 9 || total
-------------------------+-------+-------+-------++-------
Melee: Unarmed           |   110 |   168 |   279 ||   557
       Punch             |       |       |     3 ||     3
Invok: Banish            |       |     2 |     1 ||     3
  Use: Scroll            |       |       |    12 ||    12
 Stab: Sleeping          |       |       |     1 ||     1
Armor: Robe              |    39 |    49 |    46 ||   134
Dodge: Dodged            |    45 |    73 |   110 ||   228
Block: Kite shield       |       |       |   139 ||   139
